 Dungeon Crawl Stone Soup version 0.18-a0-1225-g5d63bca (webtiles) character file.

478 M4edhros the Sneak (level 7, 0/43 HPs)
             Began as an Octopode Artificer on Feb 3, 2016.
             Killed from afar by an orc wizard (12 damage)
             ... with a magic dart
             ... on level 5 of the Dungeon.
             The game lasted 00:04:59 (1895 turns).

M4edhros the Sneak (Octopode Artificer)             Turns: 1895, Time: 00:05:00

Health: 0/43       AC:  1    Str: 11    XL:     7   Next: 11%
Magic:  18/18      EV: 14    Int: 16    God:    Xom [.*....]
Gold:   127        SH:  0    Dex: 12    Spells: 0 memorised, 6 levels left

rFire  + . .     SeeInvis .     q - +1 flail
rCold  . . .     Gourm    .     (no shield)
rNeg   . . .     Faith    .     (helmet restricted)
rPois  .         Spirit   .     (no amulet)
rElec  .         Dismiss  .     e - ring of magical power
rCorr  .         Reflect  .     (no ring)
SustAt .         Harm     .     (no ring)
MR     .....                    (no ring)
Stlth  +++++.....               (no ring)
                                (no ring)
                                (no ring)
                                (no ring)

@: not resistant to hostile enchantments, quite stealthy
A: almost no armour, amphibious, 8 rings, constrict 8, camouflage 1, fire
resistance 1, low mp 1, sense surroundings 1, gelatinous body 1
a: Renounce Religion


You were on level 5 of the Dungeon.
You worshipped Xom.
You were a plaything of Xom.
You were not hungry.

You visited 2 branches of the dungeon, and saw 6 of its levels.

You collected 127 gold pieces.

Inventory:

Hand Weapons
 a - a +0 short sword
 h - a +0 hunting sling
 q - a +1 flail (weapon)
Missiles
 u - 25 stones (quivered)
Jewellery
 e - a ring of magical power (left tentacle)
Wands
 b - a wand of flame (9/48)
 c - a wand of enslavement (5/24)
 d - a wand of random effects (6/48)
 z - a wand of polymorph (18/24)
Scrolls
 g - a scroll of recharging {unknown}
 i - a scroll of amnesia {unknown}
 l - 3 scrolls of identify {unknown}
 n - a scroll of remove curse {unknown}
 s - a scroll of enchant armour {unknown}
 t - a scroll of teleportation {unknown}
 w - a scroll of random uselessness {unknown}
 y - 3 scrolls of fear {unknown}
Potions
 p - a potion of lignification
Comestibles
 f - 5 bread rations
 j - a beef jerky
 r - a slice of pizza
 v - a meat ration


   Skills:
 - Level 1.0 Fighting
 - Level 1.0 Short Blades
 * Level 4.9 Dodging
 * Level 6.5 Stealth
 + Level 4.8 Evocations


You had 6 spell levels left.
You didn't know any spells.

Dungeon Overview and Level Annotations

Branches:
Dungeon (5/15)             Temple (1/1) D:5

Altars:
Cheibriados
Gozag
Kikubaaqudgha
Makhleb
Okawaru
Pakellas
Qazlal
Ru
Vehumet
Xom
Zin

Shops:
D:4 %


Innate Abilities, Weirdness & Mutations

You cannot wear most types of armour.
You are amphibious.
You can wear up to eight rings at the same time.
You can use your tentacles to constrict eight enemies at once.
Your skin changes colour to match your surroundings (Stealth).
Your rubbery body absorbs attacks (AC +1).
Your flesh is heat resistant.
Your magical capacity is low (-10% MP).
You passively map a small area around you.


Message History

The arrow barely misses your orc wizard.
The arrow hits the ogre!
Your orc wizard hits the ogre with a dagger.
Your centaur shoots an arrow.
The arrow hits your orc wizard.
Your orc wizard hits the ogre but does no damage.
Your orc wizard casts a spell at the ogre.
The magic dart hits the ogre.
The ogre dies!
Your orc wizard looks more experienced.
You start resting.
Your orc wizard is no longer moving quickly.
You feel less woody.
The orc wizard is no longer charmed.
You can no longer detect the orc wizard.
You hear a shout!
A magic dart appears from out of thin air!
Deactivating autopickup; reactivate with Ctrl-A.
The magic dart hits you!
You die... "Huh?
Did I miss anything?"

.5..).#.........#...,
.......<.(..(......
##....#..c.....##.#.#
..........(#.#.......
* ,,
.#.##.#...(...####.,#
, * *# .......#).###
* .# * ,
#..#..)..(..###.. ,,
* * #..##.8.8{8.....)
, , ...##%.⌠)@...###.
* #....8.>.8...#* , ,
,, ####..⌠.⌠..#.# , *
#.8.8.8.#.# *
#.......#.# *
##.##$....#### #.
#.#...#.., #.
#.#...#.# .# * ..
#.#..÷#.#...#.


You could see a friendly centaur (wandering).

Vanquished Creatures
  The ghost of abixa the Chopper, an amateur HOGl (D:4)
  A scorpion (D:4)
  A crimson imp (D:4)
  An orc wizard (D:4)
  A centaur skeleton (D:4)
  An iguana (D:4)
  A hound skeleton (D:4)
  4 adders
  3 adder skeletons (D:4)
  A worm (D:2)
  2 giant geckos
  4 orcs
  A ball python (D:2)
  2 giant cockroaches
  4 goblins
  3 hobgoblins
  2 bats
  A giant gecko skeleton (D:4)
  3 giant newts
  6 kobolds
  A quokka skeleton (D:4)
  3 rats
47 creatures vanquished.

Vanquished Creatures (collateral kills)
  An ice beast (D:5)
  An ogre (D:5)
  An adder (D:5)
  2 orcs (D:5)
5 creatures vanquished.

Vanquished Creatures (others)
  A hound (D:5)
  A worker ant (D:4)
  2 shadow imps (D:5)
  A giant gecko (D:4)
  A giant cockroach (D:4)
  A jackal (D:4)
7 creatures vanquished.

Grand Total: 59 creatures vanquished

Notes
Turn   | Place    | Note
--------------------------------------------------------------
     0 | D:1      | M4edhros the Octopode Artificer began the quest for the Orb.
     0 | D:1      | Reached XP level 1. HP: 13/13 MP: 3/3
   151 | D:2      | Reached XP level 2. HP: 18/18 MP: 4/4
   211 | D:2      | Reached XP level 3. HP: 23/23 MP: 5/5
   457 | D:3      | Found a sacrificial altar of Ru.
   579 | D:4      | Found Tailie Naps's Food Shoppe.
   621 | D:4      | Noticed abixa's ghost (amateur HOGl)
   695 | D:4      | Noticed a phantom
   789 | D:4      | Reached XP level 4. HP: 21/28 MP: 6/6
   806 | D:4      | Noticed a phantom
  1011 | D:4      | Reached skill level 4 in Stealth
  1022 | D:4      | Found a shimmering altar of Xom.
  1221 | D:4      | Became a worshipper of Xom of Chaos
  1271 | D:4      | Reached XP level 5. HP: 33/33 MP: 8/8
  1292 | D:4      | XOM: harmless Trmt miscast
  1378 | D:4      | XOM: divination: magic mapping
  1454 | D:4      | XOM: cast spell 'Necromutation'
  1466 | D:4      | XOM: enchant monster (good)
  1470 | D:4      | XOM: potion effect (curing)
  1480 | D:4      | XOM: confuse monster(s)
  1488 | D:4      | Killed abixa's ghost
  1488 | D:4      | Reached skill level 5 in Stealth
  1488 | D:4      | Reached XP level 6. HP: 21/38 MP: 9/9
  1548 | D:4      | Found a snail-covered altar of Cheibriados.
  1576 | D:4      | XOM: mild Divn miscast
  1670 | D:5      | Entered Level 5 of the Dungeon
  1718 | D:5      | Found a staircase to the Ecumenical Temple.
  1726 | Temple   | Entered the Ecumenical Temple
  1836 | D:5      | Reached skill level 6 in Stealth
  1853 | D:5      | Noticed an ice beast
  1855 | D:5      | Gained mutation: You are frail (-10% HP). [potion of mutation]
  1855 | D:5      | Gained mutation: Your flesh is heat resistant. [potion of mutation]
  1855 | D:5      | Gained mutation: You passively map a small area around you. [potion of mutation]
  1866 | D:5      | Lost mutation: You are frail (-10% HP). [potion of mutation]
  1866 | D:5      | Gained mutation: Your magical capacity is low (-10% MP). [potion of mutation]
  1875 | D:5      | Killed an ice beast
  1875 | D:5      | Reached XP level 7. HP: 14/43 MP: 9/9
  1895 | D:5      | Killed from afar by an orc wizard

Vault maps used:
D:1:      matt_arrival_diagonals, okawaru_ov_weapons_minmay
D:2:      nicolae_overflow_hidden_temple, first_bread
D:3:      nicolae_ru_awakened_eye, ashenzari_altar_1
D:4:      cheibriados_altar_1, xom_confusion_cloud, serial_shops,
          nicolae_shop_trees
D:5:      minmay_temple_entry_statues_fountains, johnstein_pakellas_dig
Temple:   minmay_temple_bridge_a_8

Action                   |  1- 3 |  4- 6 |  7- 9 || total
-------------------------+-------+-------+-------++-------
Melee: Short sword       |    34 |       |       ||    34
       Flail             |    18 |    43 |       ||    61
Throw: Javelin           |       |     6 |       ||     6
Evoke: Wand              |       |    25 |       ||    25
  Use: Scroll            |     1 |       |       ||     1
       Potion            |       |     5 |       ||     5
 Stab: Sleeping          |    13 |     2 |       ||    15
  Eat: Chunk             |       |     3 |       ||     3
